NWL
TRI-CITY DUST DEVILS @ CHICAGO A (SS-A) WHITE SOX
10/03/2080
 
TOP OF THE 1ST
Tri-City Dust Devils batting - Pitching for Chicago A (SS-A) White Sox : RHP Rich Mitchell
Pitching: RHP Rich Mitchell
Batting: RHB Bill Anderson 0-0: Ball
1-0: Swinging Strike
1-1: Foul Ball, location: 2F
1-2: Foul Ball, location: 2F
1-2: Ground out 5-3 (Groundball, 5L, EV 80.6 MPH)
Batting: RHB Joe Coite 0-0: Ball
1-0: Foul Ball, location: 2F
1-1: Ball
2-1: Called Strike
2-2: Foul Ball, location: 2F
2-2: Ball
3-2: Foul Ball, location: 2F
3-2: Ground out 5-3 (Groundball, 56S, EV 65.0 MPH)
Batting: SHB David Perez 0-0: Foul Ball, location: 2F
0-1: Ball
1-1: Fly out, F9 (Flyball, 9D, EV 101.2 MPH)
Top of the 1st over - 0 runs, 0 hits, 0 errors, 0 left on base; Tri-City 0 - Chicago A (SS-A) 0
BOTTOM OF THE 1ST
Chicago A (SS-A) White Sox batting - Pitching for Tri-City Dust Devils : RHP Alex Villa
Pitching: RHP Alex Villa
Batting: RHB Chris Cooley 0-0: Ball
1-0: Called Strike
1-1: Fly out, F8 (Flyball, 8RM, EV 96.9 MPH)
Batting: SHB Nasson Vogel 0-0: Ball
1-0: Foul Ball, location: 2F
1-1: Ground out 6-3 (Groundball, 6, EV 86.9 MPH)
Batting: LHB Andy Bowers 0-0: Ground out 1-3 (Groundball, 13S, EV 73.1 MPH)
Bottom of the 1st over - 0 runs, 0 hits, 0 errors, 0 left on base; Tri-City 0 - Chicago A (SS-A) 0
TOP OF THE 2ND
Tri-City Dust Devils batting - Pitching for Chicago A (SS-A) White Sox : RHP Rich Mitchell
Batting: RHB Glenn Boshers 0-0: Called Strike
0-1: Foul Ball, location: 2F
0-2: Ball
1-2: Ball
2-2: Foul Ball, location: 2F
2-2: Ball
3-2: Strikes out swinging
Batting: RHB Ian Goldsmith 0-0: Ball
1-0: Foul Ball, location: 2F
1-1: Foul Ball, location: 2F
1-2: Ground out 4-3 (Groundball, 4M, EV 97.5 MPH)
Batting: LHB Rodrigo Breaut 0-0: SINGLE (Groundball, 5L, EV 104.4 MPH) (infield hit)
Batting: RHB Sergio Farias 0-0: Ball
Rodrigo Breaut is caught stealing 2nd base 2-4
Top of the 2nd over - 0 runs, 1 hit, 0 errors, 0 left on base; Tri-City 0 - Chicago A (SS-A) 0
BOTTOM OF THE 2ND
Chicago A (SS-A) White Sox batting - Pitching for Tri-City Dust Devils : RHP Alex Villa
Batting: SHB Victor Jimenez 0-0: Ball
1-0: Fly out, F7 (Flyball, 7, EV 88.1 MPH)
Batting: LHB James Michael 0-0: Called Strike
0-1: Called Strike
0-2: Foul Ball, location: 2F
0-2: Ground out 1-3 (Groundball, 34S, EV 68.8 MPH)
Batting: RHB Jason King 0-0: Called Strike
0-1: Foul Ball, location: 2F
0-2: Strikes out looking
Bottom of the 2nd over - 0 runs, 0 hits, 0 errors, 0 left on base; Tri-City 0 - Chicago A (SS-A) 0
TOP OF THE 3RD
Tri-City Dust Devils batting - Pitching for Chicago A (SS-A) White Sox : RHP Rich Mitchell
Batting: RHB Sergio Farias 0-0: Ball
1-0: Foul Ball, location: 2F
1-1: Ball
2-1: Swinging Strike
2-2: Strikes out swinging
Batting: LHB Daniel Ascencio 0-0: Ground out 6-3 (Groundball, 56, EV 77.5 MPH)
Batting: RHB Craig Sturza 0-0: Called Strike
0-1: Called Strike
0-2: Foul Ball, location: 2F
0-2: Strikes out looking
Top of the 3rd over - 0 runs, 0 hits, 0 errors, 0 left on base; Tri-City 0 - Chicago A (SS-A) 0
BOTTOM OF THE 3RD
Chicago A (SS-A) White Sox batting - Pitching for Tri-City Dust Devils : RHP Alex Villa
Batting: RHB Chase Norris 0-0: DOUBLE (Flyball, 89D, EV 103.8 MPH)
Batting: RHB Manny Robles 0-0: Called Strike
0-1: Ball
1-1: Swinging Strike
1-2: Strikes out swinging
Batting: RHB Roy Kincaid 0-0: Ball
1-0: Called Strike
1-1: Called Strike
1-2: Ground out 6-3 (Groundball, 6, EV 91.2 MPH)
Batting: RHB Chris Cooley 0-0: Ball
1-0: Swinging Strike
1-1: Called Strike
1-2: Ball
2-2: Strikes out swinging
Bottom of the 3rd over - 0 runs, 1 hit, 0 errors, 1 left on base; Tri-City 0 - Chicago A (SS-A) 0
TOP OF THE 4TH
Tri-City Dust Devils batting - Pitching for Chicago A (SS-A) White Sox : RHP Rich Mitchell
Batting: RHB Bill Anderson 0-0: Ball
1-0: SINGLE (Groundball, 34S, EV 65.6 MPH) (infield hit)
Batting: RHB Joe Coite 0-0: Ball
1-0: Ball
2-0: Ball
3-0: Called Strike
3-1: Fielders Choice at 2nd, 4-6 (Groundball, 34, EV 83.1 MPH)
Batting: SHB David Perez 0-0: Ball
Joe Coite steals 2nd, throwing error, E2
Joe Coite to third
1-0: Ball
2-0: Called Strike
2-1: Ball
3-1: Base on Balls
Batting: RHB Glenn Boshers 0-0: Foul Ball, location: 2F
0-1: Foul Ball, location: 2F
0-2: Fly out, F7 (Line Drive, 78M, EV 105.0 MPH)
Runner from 3rd tags up, SCORES, throw by LF
Batting: RHB Ian Goldsmith 0-0: Called Strike
0-1: Ground out 5-3 (Groundball, 56S, EV 87.5 MPH)
Top of the 4th over - 1 run, 1 hit, 1 error, 1 left on base; Tri-City 1 - Chicago A (SS-A) 0
BOTTOM OF THE 4TH
Chicago A (SS-A) White Sox batting - Pitching for Tri-City Dust Devils : RHP Alex Villa
Batting: SHB Nasson Vogel 0-0: Ball
1-0: Ball
2-0: Swinging Strike
2-1: Ground out 4-3 (Groundball, 4, EV 83.8 MPH)
Batting: LHB Andy Bowers 0-0: Foul Ball, location: 2F
0-1: Called Strike
0-2: Strikes out looking
Batting: SHB Victor Jimenez 0-0: Foul Ball, location: 2F
0-1: Ball
1-1: Ball
2-1: Called Strike
2-2: Strikes out swinging
Bottom of the 4th over - 0 runs, 0 hits, 0 errors, 0 left on base; Tri-City 1 - Chicago A (SS-A) 0
TOP OF THE 5TH
Tri-City Dust Devils batting - Pitching for Chicago A (SS-A) White Sox : RHP Rich Mitchell
Batting: LHB Rodrigo Breaut 0-0: Ball
1-0: Ball
2-0: Foul Ball, location: 2F
2-1: Reached on error, E5 (Groundball, 5, EV 78.8 MPH)
Batting: RHB Sergio Farias 0-0: Bunt - Flyout to 3S! F3
Batting: LHB Daniel Ascencio 0-0: Ball
1-0: Ball
2-0: Swinging Strike
2-1: DOUBLE (Line Drive, 7LM, EV 110.6 MPH)
Rodrigo Breaut to third
Runner from 3rd tries for Home, SAFE, throw by LF to home
Batting: RHB Craig Sturza 0-0: Called Strike
0-1: Ball
1-1: Called Strike
1-2: Strikes out looking
Batting: RHB Bill Anderson 0-0: Ball
1-0: Ball
2-0: Ground out 4-3 (Groundball, 4, EV 103.1 MPH)
Top of the 5th over - 1 run, 1 hit, 1 error, 1 left on base; Tri-City 2 - Chicago A (SS-A) 0
BOTTOM OF THE 5TH
Chicago A (SS-A) White Sox batting - Pitching for Tri-City Dust Devils : RHP Alex Villa
Batting: LHB James Michael 0-0: Ball
1-0: Called Strike
1-1: Ball
2-1: Called Strike
2-2: Strikes out swinging
Batting: RHB Jason King 0-0: Called Strike
0-1: Ball
1-1: Called Strike
1-2: Strikes out swinging
Batting: RHB Chase Norris 0-0: Ball
1-0: Called Strike
1-1: Swinging Strike
1-2: Foul Ball, location: 2F
1-2: Foul Ball, location: 2F
1-2: Ball
2-2: Foul Ball, location: 2F
2-2: Ball
3-2: Strikes out swinging
Bottom of the 5th over - 0 runs, 0 hits, 0 errors, 0 left on base; Tri-City 2 - Chicago A (SS-A) 0
TOP OF THE 6TH
Tri-City Dust Devils batting - Pitching for Chicago A (SS-A) White Sox : RHP Rich Mitchell
Batting: RHB Joe Coite 0-0: Called Strike
0-1: Called Strike
0-2: Ball
1-2: Ground out 6-3 (Groundball, 6, EV 105.0 MPH)
Batting: SHB David Perez 0-0: Ball
1-0: Called Strike
1-1: Ball
2-1: Foul Ball, location: 2F
2-2: Foul Ball, location: 2F
2-2: DOUBLE (Line Drive, 89M, EV 93.1 MPH)
Batting: RHB Glenn Boshers 0-0: Called Strike
0-1: Foul Ball, location: 2F
0-2: SINGLE (Line Drive, 56, EV 96.9 MPH)
David Perez to third
Batting: RHB Ian Goldsmith 0-0: Ball
1-0: Foul Ball, location: 2F
1-1: Ball
Pickoff Throw to First - Out! 1-3
2-1: Ball
3-1: Swinging Strike
3-2: Foul Ball, location: 2F
3-2: Ground out 6-3 (Groundball, 6, EV 106.2 MPH)
Top of the 6th over - 0 runs, 2 hits, 0 errors, 1 left on base; Tri-City 2 - Chicago A (SS-A) 0
BOTTOM OF THE 6TH
Chicago A (SS-A) White Sox batting - Pitching for Tri-City Dust Devils : RHP Alex Villa
Batting: RHB Manny Robles 0-0: Ball
1-0: Foul Ball, location: 2F
1-1: Ball
2-1: Ball
3-1: Foul Ball, location: 2F
3-2: Strikes out swinging, 2-3 out at first.
Batting: RHB Roy Kincaid 0-0: Ball
1-0: Foul Ball, location: 2F
1-1: SINGLE (Flyball, 34D, EV 85.6 MPH)
Batting: RHB Chris Cooley 0-0: Called Strike
0-1: Grounds into double play, 6-4-3 (Groundball, 6, EV 79.4 MPH)
Bottom of the 6th over - 0 runs, 1 hit, 0 errors, 0 left on base; Tri-City 2 - Chicago A (SS-A) 0
TOP OF THE 7TH
Tri-City Dust Devils batting - Pitching for Chicago A (SS-A) White Sox : RHP Rich Mitchell
Pitching: LHP Chris Sussman
Batting: LHB Rodrigo Breaut 0-0: Foul Ball, location: 2F
0-1: Foul Ball, location: 2F
0-2: Ball
1-2: Strikes out swinging
Pitching: RHP Simon Davis
Batting: RHB Sergio Farias 0-0: Called Strike
0-1: Foul Ball, location: 2F
0-2: Strikes out swinging
Batting: LHB Daniel Ascencio 0-0: Swinging Strike
0-1: Ball
1-1: Swinging Strike
1-2: Ball
2-2: Strikes out looking
Top of the 7th over - 0 runs, 0 hits, 0 errors, 0 left on base; Tri-City 2 - Chicago A (SS-A) 0
BOTTOM OF THE 7TH
Chicago A (SS-A) White Sox batting - Pitching for Tri-City Dust Devils : RHP Alex Villa
Batting: SHB Nasson Vogel 0-0: Swinging Strike
0-1: Called Strike
0-2: Strikes out swinging
Batting: LHB Andy Bowers 0-0: Ball
1-0: Called Strike
1-1: Foul Ball, location: 2F
1-2: Foul Ball, location: 2F
1-2: Foul Ball, location: 2F
1-2: Strikes out swinging
Batting: SHB Victor Jimenez 0-0: Ball
1-0: Foul Ball, location: 2F
1-1: Ball
2-1: Swinging Strike
2-2: Ball
3-2: Foul Ball, location: 2F
3-2: Base on Balls
Batting: LHB James Michael 0-0: Ball
Victor Jimenez steals 2nd base
1-0: Ball
2-0: Swinging Strike
2-1: Ball
3-1: Base on Balls
Batting: RHB Jason King 0-0: Called Strike
0-1: Ball
1-1: Ball
2-1: Called Strike
2-2: Strikes out swinging
Bottom of the 7th over - 0 runs, 0 hits, 0 errors, 2 left on base; Tri-City 2 - Chicago A (SS-A) 0
TOP OF THE 8TH
Tri-City Dust Devils batting - Pitching for Chicago A (SS-A) White Sox : RHP Simon Davis
Batting: RHB Craig Sturza 0-0: Ball
1-0: Ball
2-0: Swinging Strike
2-1: Swinging Strike
2-2: Strikes out swinging
Batting: RHB Bill Anderson 0-0: Ball
1-0: Ground out 6-3 (Groundball, 6, EV 85.6 MPH)
Batting: RHB Joe Coite 0-0: Called Strike
0-1: Swinging Strike
0-2: Foul Ball, location: 2F
0-2: Ball
1-2: Ball
2-2: Ball
3-2: SINGLE (Flyball, 8LS, EV 96.9 MPH)
Batting: SHB David Perez 0-0: Called Strike
Joe Coite is caught stealing 2nd base 2-6
Top of the 8th over - 0 runs, 1 hit, 0 errors, 0 left on base; Tri-City 2 - Chicago A (SS-A) 0
BOTTOM OF THE 8TH
Chicago A (SS-A) White Sox batting - Pitching for Tri-City Dust Devils : RHP Alex Villa
Batting: RHB Chase Norris 0-0: Ball
1-0: Foul Ball, location: 2F
1-1: Swinging Strike
1-2: Ball
2-2: Strikes out swinging
Pitching: RHP Branden Christopher
Batting: RHB Manny Robles 0-0: Swinging Strike
0-1: Foul Ball, location: 2F
0-2: Ball
1-2: Strikes out swinging
Batting: RHB Roy Kincaid 0-0: Ground out 5-3 (Groundball, 56, EV 78.1 MPH)
Bottom of the 8th over - 0 runs, 0 hits, 0 errors, 0 left on base; Tri-City 2 - Chicago A (SS-A) 0
TOP OF THE 9TH
Tri-City Dust Devils batting - Pitching for Chicago A (SS-A) White Sox : RHP Simon Davis
Batting: SHB David Perez 0-0: Foul Ball, location: 2F
0-1: Ball
1-1: Ball
2-1: DOUBLE (Line Drive, 7LM, EV 109.4 MPH)
Batting: RHB Glenn Boshers 0-0: Called Strike
0-1: Swinging Strike
0-2: Ball
1-2: Ball
2-2: SINGLE (Groundball, 6MD, EV 100.6 MPH)
David Perez to third
Pitching: RHP Omar Aguilar
Batting: RHB Ian Goldsmith 0-0: Ball
1-0: Ball
Glenn Boshers steals 2nd base
2-0: Called Strike
2-1: Foul Ball, location: 2F
2-2: Ball
3-2: DOUBLE (Flyball, 8RXD, EV 96.2 MPH)
David Perez scores
Glenn Boshers scores
Batting: LHB Rodrigo Breaut 0-0: Bunted foul
0-1: Sac Bunt to 23 - play at first, batter OUT! 3-4
Ian Goldsmith to third
Batting: RHB Sergio Farias 0-0: Foul Ball, location: 2F
0-1: Ball
1-1: Ball
2-1: Ball
3-1: Swinging Strike
3-2: Ground out 3-1 (Groundball, 34, EV 80.6 MPH)
Ian Goldsmith scores
Batting: LHB Daniel Ascencio 0-0: Ground out 1-3 (Groundball, 15S, EV 76.2 MPH)
Top of the 9th over - 3 runs, 3 hits, 0 errors, 0 left on base; Tri-City 5 - Chicago A (SS-A) 0
BOTTOM OF THE 9TH
Chicago A (SS-A) White Sox batting - Pitching for Tri-City Dust Devils : RHP Branden Christopher
Batting: RHB Chris Cooley 0-0: Called Strike
0-1: Foul Ball, location: 2F
0-2: Ball
1-2: Ball
2-2: Ground out U3 (Groundball, 3, EV 84.4 MPH)
Batting: SHB Nasson Vogel 0-0: Foul Ball, location: 2F
0-1: SINGLE (Groundball, 4D, EV 96.9 MPH)
Batting: LHB Andy Bowers 0-0: Foul Ball, location: 2F
0-1: Ball
1-1: Ball
2-1: Ball
3-1: Grounds into double play, 4-6-3 (Groundball, 4, EV 101.9 MPH)
Bottom of the 9th over - 0 runs, 1 hit, 0 errors, 0 left on base; Tri-City 5 - Chicago A (SS-A) 0
Monday, August 1st , 2022 - OOTP Baseball 23.5 Build 73